 Dungeon Crawl Stone Soup version 0.20.1-1-g8b1a95d (webtiles) character file.

9 tidbits the Insei (level 1, -1/15 HPs)
             Began as a Demigod Transmuter on Aug 31, 2017.
             Slain by a jackal (2 damage)
             ... on level 1 of the Dungeon.
             The game lasted 00:02:10 (237 turns).

tidbits the Insei (Demigod Transmuter)               Turns: 237, Time: 00:02:10

Health: -1/15      AC:  2    Str: 13    XL:     1   Next: 93%
Magic:  5/5        EV: 12    Int: 17    God:
Gold:   39         SH:  0    Dex: 16    Spells: 3/4 levels left

rFire    . . .     SeeInvis .   e - +0 mace (curse)
rCold    . . .     Gourm    .   (no shield)
rNeg     . . .     Faith    .   b - +0 robe
rPois    .         Spirit   .   (no helmet)
rElec    .         Reflect  .   (no cloak)
rCorr    .         Harm     .   (no gloves)
MR       .....                  (no boots)
Stlth    +.........             (no amulet)
Regen    0.1/turn               (no ring)
MPRegen  0.1/turn               (no ring)

@: no status effects
A: high mp 1
a: no special abilities


You were on level 1 of the Dungeon.
You were not hungry.

You visited 1 branch of the dungeon, and saw 1 of its levels.

You collected 39 gold pieces.

Inventory:

Hand Weapons
 e - a cursed +0 mace (weapon)
Missiles
 a - 12 arrows
 h - 46 stones (quivered)
 j - 21 bolts
Armour
 b - a +0 robe (worn)
 i - a +0 ring mail
Scrolls
 g - a scroll of identify {unknown}
Books
 c - a book of Changes

   Spells                             Type                      Level
   a - Beastly Appendage              Transmutation                1
   b - Sticks to Snakes               Transmutation                2
   c - Spider Form                    Transmutation/Poison         3
   d - Ice Form                       Ice/Transmutation            4
   e - Blade Hands                    Transmutation                5
Comestibles
 d - a bread ration
 f - a royal jelly


   Skills:
 - Level 0.8 Fighting
 - Level 1.7 Dodging
 - Level 2.6 Unarmed Combat
 - Level 2.0 Spellcasting
 + Level 2.2 Transmutations


You had 3 spell levels left.
You knew the following spells:

 Your Spells              Type           Power        Failure   Level  Hunger
e - Beastly Appendage     Tmut           #.....       8%          1    #......


Dungeon Overview and Level Annotations

Branches:
Dungeon (1/15)


Innate Abilities, Weirdness & Mutations

You have an increased reservoir of magic. (+10% MP)


Message History

Found a whip.
A leopard gecko comes into view.
A kobold comes into view. It is wielding a club.
The leopard gecko hisses angrily.
Casting: Beastly Appendage
Confirm with . or Enter, or press ? or * to list all spells.
Your feet morph into talons.
The leopard gecko misses you.
You closely miss the leopard gecko. The leopard gecko barely misses you.
You closely miss the leopard gecko. Your kick misses the leopard gecko.
The leopard gecko barely misses you.
The leopard gecko completely misses you.
You sock the leopard gecko!
You kill the leopard gecko!
Your Transmutations skill increases to level 2!
Your transformation is almost over.
The kobold shouts!
The kobold throws a stone.
The stone closely misses you.
You see here a leopard gecko corpse.
Casting: Beastly Appendage
Confirm with . or Enter, or press ? or * to list all spells.
You extend your transformation's duration.
The kobold hits you with a club.
A hobgoblin comes into view. It is wielding a club.
You barely miss the kobold. The kobold closely misses you.
You barely miss the kobold.
The hobgoblin shouts!
Your kick misses the kobold. The kobold hits you with a club.
* * * LOW HITPOINT WARNING * * *
You closely miss the kobold. Your kick misses the kobold.
The kobold misses you.
You closely miss the kobold. You claw the kobold.
You kill the kobold!
A jackal comes into view.
Your transformation is almost over.
Unknown command.
The teleport trap disappears.
The jackal disappears!
Your talons disappear.
Casting: Beastly Appendage
Confirm with . or Enter, or press ? or * to list all spells.
Your feet morph into talons.
You hit the hobgoblin.
You kill the hobgoblin!
You see here a club.
Your transformation is almost over.
h - 46 stones (gained 1)
A goblin comes into view. It is wielding a club.
You see here a whip.
Your talons disappear.
The goblin shouts!
A jackal comes into view.
The jackal barks!
Casting: Beastly Appendage
Confirm with . or Enter, or press ? or * to list all spells.
Your feet morph into talons.
The goblin closely misses you.
You closely miss the goblin. The goblin hits you with a club.
You closely miss the goblin. Your kick misses the goblin.
The goblin hits you with a club.
* * * LOW HITPOINT WARNING * * *
You hit the goblin. Your kick misses the goblin.
The goblin is severely wounded.
The goblin hits you with a club.
* * * LOW HITPOINT WARNING * * *
The goblin closely misses you.
You sock the goblin!
You kill the goblin!
The jackal closely misses you.
A jackal comes into view.
The jackal barks!
You hit the jackal. Your kick misses the jackal.
The jackal is almost dead.
The jackal misses you. The jackal barely misses you.
You closely miss the jackal.
The jackal is almost dead.
The jackal closely misses you.
The jackal bites you but does no damage.
You hit the jackal.
You kill the jackal!
Your talons disappear.
The jackal bites you.
* * * LOW HITPOINT WARNING * * *
You barely miss the jackal. The jackal barely misses you.
The jackal closely misses you.
You barely miss the jackal. The jackal misses you.
The jackal barely misses you.
A goblin comes into view.
The goblin shouts!
You hit the jackal.
The jackal is almost dead.
The jackal bites you but does no damage.
The goblin moves out of view.
The jackal bites you but does no damage.
You closely miss the jackal.
The jackal is almost dead.
The jackal misses you. The jackal bites you.
* * * LOW HITPOINT WARNING * * *
You barely miss the jackal.
The jackal is almost dead.
The jackal barely misses you. The jackal bites you.
You die...

########## #........#
#....)...# #........#
######........#
#...##........#
..#...........#
####.##..#........#
#gh@.##..#........#
#..####.####..########)##
#.............# #.##
#..#.......†#)# #..#
#.....)..#.# ##.#
#........#.# #.#
#.........#.# #.#
....########.# #####.##
.###. #.# #.......


You could see a jackal and a goblin.

Vanquished Creatures
  A leopard gecko (D:1)
  A bat (D:1)
  A goblin (D:1)
  A hobgoblin (D:1)
  A jackal (D:1)
  A kobold (D:1)
  2 rats (D:1)
8 creatures vanquished.

Notes
Turn   | Place    | Note
-------+----------+-------------------------------------------
     0 | D:1      | tidbits the Demigod Transmuter began the quest for the Orb.
     0 | D:1      | Reached XP level 1. HP: 15/15 MP: 5/5
   150 | D:1      | Reached skill level 2 in Spellcasting
   180 | D:1      | Reached skill level 2 in Transmutations
   236 | D:1      | HP: 1/15 [jackal (2)]
   237 | D:1      | Slain by a jackal

Skill      XL: |  1 |
---------------+----+-----
Spellcasting   | 2 |  2.0
Transmutations | 2 |  2.2
Fighting       | |  0.8
Dodging        | |  1.7
Unarmed Combat | |  2.6

Action                   || total
-------------------------++-------
Melee: Mace              ||    30
       Kick              ||     2
Throw: Stone             ||     1
 Cast: Beastly Appendage ||     6
Armor: Robe              ||     6
Dodge: Dodged            ||    29

Table legend:
 A = Turns spent in this place as a percentage of turns spent in the entire game.
 B = Non-inter-level travel turns spent in this place as a percentage of non-inter-level travel turns spent in the entire game.
 C = Inter-level travel turns spent in this place as a percentage of turns spent in this place.
 D = Turns resting spent in this place as a percentage of non-inter-level travel turns spent in this place.
 E = Turns spent auto-exploring this place as a percentage of non-inter-level travel turns spent in this place.
 F = Non-inter-level travel turns spent in this place divided by the number of levels of this place that you've seen.
                   A       B       C       D       E      F
               +-------+-------+-------+-------+-------+----------------------
         Total | 100.0 | 100.0 |   0.0 |   0.0 |   0.0 | 206.0
       Dungeon | 100.0 | 100.0 |   0.0 |   0.0 |   0.0 | 206.0
               +-------+-------+-------+-------+-------+----------------------

Table legend:
 A = Kills in this place as a percentage of kills in entire the game.
 B = Kills by you in this place as a percentage of kills by you in the entire game.
 C = Kills by friends in this place as a percentage of kills by friends in the entire game.
 D = Other kills in this place as a percentage of other kills in the entire game.
 E = Experience gained in this place as a percentage of experience gained in the entire game.
 F = Experience gained in this place divided by the number of levels of this place that you have seen.
                   A       B       C       D       E      F
               +-------+-------+-------+-------+-------+----------------------
         Total | 100.0 | 100.0 |  -nan |  -nan | 100.0 |  14.0
       Dungeon | 100.0 | 100.0 |  -nan |  -nan | 100.0 |  14.0
               +-------+-------+-------+-------+-------+----------------------

Vault maps used:
D:1:      dpeg_arrival_boxorama
